 Dungeon Crawl Stone Soup version 0.30.0-13-g156ef70053 (webtiles) character file.

Game seed: 11361225990031103419

407 GigaChad the Covered (level 6, 0/55 HPs)
             Began as an Armataur Fighter on May 17, 2023.
             Succumbed to Sigmund's poison
             ... on level 5 of the Dungeon.
             The game lasted 00:04:48 (4109 turns).

GigaChad the Covered (Armataur Fighter)             Turns: 4109, Time: 00:04:49

Health: 0/55       AC:  7    Str: 24    XL:     6   Next: 57%
Magic:  6/6        EV:  6    Int:  8    God:
Gold:   247        SH:  9    Dex:  9    Spells: 5/5 levels left

rFire   . . .        a - +0 war axe
rCold   + . .        f - +1 kite shield
rNeg    . . .        b - +0 scale mail
rPois   +            (no helmet)
rElec   .            (no cloak)
rCorr   .            (no gloves)
SInv    .            (no barding)
Will    .....        (no amulet) Stlth
                     (no ring)
HPRegen 0.29/turn    (no ring)
MPRegen 0.10/turn

%: clarity, roll
@: lethally poisoned (0 -> -8), attractive, hasted, very quick
A: large, rugged brown scales 3, deformed body, armoured tail, roll, long
tongue, awkward tongue, clarity, cold resistance 1, poison resistance
a: no special abilities


You were on level 5 of the Dungeon.
You visited 1 branch of the dungeon, and saw 5 of its levels.

You collected 247 gold pieces.

Inventory:

Hand Weapons
 a - a +0 war axe (weapon)
Armour
 b - a +0 scale mail (worn)
 c - a +0 buckler
 f - a +1 kite shield (worn)
Scrolls
 g - a scroll of immolation
 h - 3 scrolls of identify
 k - a scroll of silence
 n - a scroll of blinking
 o - a scroll of enchant armour
 p - a scroll of enchant weapon {unknown}
Potions
 d - a potion of might
 e - a potion of attraction
 i - 3 potions of haste
 j - a potion of mutation
 l - a potion of lignification {unknown}
 m - a potion of degeneration {unknown}
 q - 2 potions of curing {unknown}
 r - 2 potions of cancellation {unknown}
 s - a potion of heal wounds {unknown}


   Skills:
 * Level 3.6 Fighting
 * Level 3.6 Axes
 * Level 5.6 Armour
 * Level 4.6 Shields


You had 5 spell levels left.
You didn't know any spells.
Your spell library contained the following spells:

 Spells                   Type           Power      Damage    Failure   Level
 Beastly Appendage        Tmut           0%         N/A       91%         1
 Wereblood                Tmut           0%         N/A       97%         2
 Spider Form              Tmut/Pois      0%         N/A       99%         3


Dungeon Overview and Level Annotations

Branches:
Dungeon (5/15)
 Temple: D:4-7

Altars:
Elyvilon
Xom

Shops:
D:1 =   D:2 ?   D:3 *   D:4 [

Annotations:
D:5 Sigmund


Innate Abilities, Weirdness & Mutations

You are completely covered in rugged brown scales. (AC +3, +7% HP)
Armour fits poorly on your strangely shaped body.
You have a long armoured tail.
You roll when moving toward enemies. (Rampage)
Your long tongue fully drains potion bottles. (2x potion effects)
Your tongue gives you trouble enunciating. (1.5x scroll delay)
You possess an exceptional clarity of mind.
Your flesh is cold resistant. (rC+)
Your system is resistant to poisons. (rPois)


Message History

You feel very sick.
The orc wizard gestures at you while chanting.
The magic dart hits you!
* * * LOW HITPOINT WARNING * * *
You block Sigmund's attack.
It was a potion of attraction.
You feel attractive to monsters.
You slurp down every last drop of the potion of attraction!
* * * LOW HITPOINT WARNING * * *
You feel sick.
The orc wizard gestures at you while chanting.
You resist with some effort. The orc hits you with a +0 mace.
* * * LOW HITPOINT WARNING * * *
An orc wizard comes into view. It is wielding a +0 dagger.
You block Sigmund's attack.
It was a potion of mutation.
You feel extremely strange.
You feel resistant to cold.
You feel resistant to poisons.
Your bones become slightly less dense.
Your skeletal structure returns to normal.
Your thoughts seem clearer.
You slurp down every last drop of the potion of mutation!
* * * LOW HITPOINT WARNING * * *
You feel sick. You block the orc wizard's attack.
The orc hits you but does no damage.
You slash the orc wizard! You tail-slap the orc wizard.
The orc wizard is almost dead.
You barely miss the orc.
* * * LOW HITPOINT WARNING * * *
You feel sick.
The orc wizard mumbles some strange words.
The orc wizard flickers and vanishes!
Deactivating autopickup; reactivate with Ctrl-A.
You block the orc's attack.
Sigmund casts a spell.
Sigmund flickers and vanishes!
Something unexpectedly blocked you, preventing you from rolling!
You hit something but do no damage.
Your tail-slap misses something.
You slash the orc!
You kill the orc!
You die...

###....####........
###.###..#........... ###
#...###.....<#......#
....#####.......###.....##
#...........#....##......#
###.....######...........
#.....#..# ...........
#.###.#).#...#^##...... +
#..@{{o...#.########
#####o..... # # ..... ..#.
.# .# .


You could see an orc wizard and an orc.

Vanquished Creatures
  A phantom (D:4)
  A scorpion (D:4)
  A hound (D:5)
  A jelly (D:4)
  5 gnolls
  5 adders
  2 shadow imps
  A worm (D:2)
  3 dart slugs (D:1)
  5 orcs
  12 ball pythons
  7 endoplasms
  4 giant cockroaches
  9 goblins
  8 hobgoblins
  5 jackals
  6 kobolds
  2 quokkas
  7 bats
  5 frilled lizards
  12 rats
102 creatures vanquished.

Vanquished Creatures (others)
  A hound (D:4)
  A worm (D:4)
  A kobold (D:4)
3 creatures vanquished.

Grand Total: 105 creatures vanquished

Notes
Turn   | Place    | Note
-------+----------+-------------------------------------------
     0 | D:1      | GigaChad the Armataur Fighter began the quest for the Orb.
     0 | D:1      | Reached XP level 1. HP: 19/19 MP: 1/1
    79 | D:1      | Reached XP level 2. HP: 26/26 MP: 2/2
   239 | D:1      | Reached skill level 4 in Armour
   248 | D:1      | Found Cyajira's Jewellery Emporium.
   259 | D:1      | Reached XP level 3. HP: 28/33 MP: 3/3
   888 | D:2      | Found Aschas's Magic Scroll Shoppe.
  1159 | D:2      | Reached XP level 4. HP: 40/40 MP: 4/4
  1242 | D:2      | Found a faded altar of an unknown god.
  2148 | D:3      | Found Wantyoraerph's General Store.
  2502 | D:4      | Found Ituym's Antique Armour Boutique.
  2529 | D:4      | Found a shimmering altar of Xom.
  2614 | D:4      | Reached XP level 5. HP: 48/48 MP: 5/5
  2714 | D:4      | Reached skill level 5 in Armour
  2807 | D:4      | Found a white marble altar of Elyvilon.
  2893 | D:4      | Noticed a phantom
  2903 | D:4      | Killed a phantom
  3131 | D:4      | Reached XP level 6. HP: 54/54 MP: 6/6
  3954 | D:5      | Entered Level 5 of the Dungeon
  4100 | D:5      | Noticed Sigmund
  4107 | D:5      | Gained mutation: Your flesh is cold resistant. (rC+)
                  | [potion of mutation]
  4107 | D:5      | Gained mutation: Your system is resistant to poisons.
                  | (rPois) [potion of mutation]
  4107 | D:5      | Gained mutation: You have a somewhat thin skeletal
                  | structure. (Dex +2, Stealth+) [potion of mutation]
  4107 | D:5      | Lost mutation: You have a somewhat thin skeletal structure.
                  | (Dex +2, Stealth+) [potion of mutation]
  4107 | D:5      | Gained mutation: You possess an exceptional clarity of
                  | mind. [potion of mutation]
  4108 | D:5      | HP: 2/55 [poisoned by Sigmund]
  4109 | D:5      | Succumbed to Sigmund's poison

Illustrated notes

Levels and vault maps discovered:
D:1:      nagdon_arrival_zigzag_paths, layout_loops_ring, serial_shops,
          nicolae_shop_waterfront, chequers_arboretum
D:2:      layout_loops_corners, chequers_ecumenical_altar_grove, serial_shops,
          nicolae_shop_advertising_works [nicolae_subvault_shop_adworks]
D:3:      layout_rooms, serial_shops, nicolae_shop_real_fake_doors,
          minmay_randomly_rotated_circles
D:4:      layout_layer_cave, xom_confusion_cloud, nicolae_elyvilon_temple_path,
          serial_shops, nicolae_shop_pleasant_corner_grove
D:5:      layout_cave_pools, hangedman_ru_absence,
          worldfamousw_hep_ancestral_shrine, minmay_temple_entry_sparse_star,
          ebering_dispersal_statue_hall, uniq_eustachio, uniq_sigmund

Skill      XL: |  1  2  3  4  5 |
---------------+----------------+-----
Fighting       | 3 |  3.6
Armour         | 4 5 |  5.6
Axes           | 2 3 |  3.6
Shields        | 4 |  4.6

Action                     |  1- 3 |  4- 6 || total
---------------------------+-------+-------++-------
  Melee: War axe           |    99 |   165 ||   264
         Tailslap          |     6 |    18 ||    24
    Use: Scroll            |     1 |     5 ||     6
         Potion            |       |     3 ||     3
 Armour: Scale mail        |    42 |    80 ||   122
  Dodge: Dodged            |    31 |    50 ||    81
  Block: Buckler           |     6 |       ||     6
         Kite shield       |    11 |   105 ||   116
